 Dungeon Crawl Stone Soup version 0.29-a0-819-g94b489e0ae (webtiles) character file.

Game seed: 2605418590534711017

43674 soberaf the Eclecticist (level 13, -13/48 HPs)
             Began as a Felid Air Elementalist on July 3, 2022.
             Was a High Priest of Vehumet.
             Shot with an arrow by a centaur warrior (25 damage)
             ... on level 13 of the Dungeon on July 6, 2022.
             The game lasted 02:23:45 (43116 turns).

soberaf the Eclecticist (Felid Air Elementalist)   Turns: 43116, Time: 02:23:48

Health: -13/48     AC:  3    Str:  4    XL:     13   Next: 92%
Magic:  30/44      EV: 20    Int: 25    God:    Vehumet [*****.]
Gold:   1948       SH:  5    Dex: 17    Spells: 18/46 levels left
                                        Lives:  0   Deaths: 4

rFire   . . .      SeeInvis +   (weapon unavailable)
rCold   + . .      Faith    .   (shield unavailable)
rNeg    + . .      Spirit   .   (body armour unavailable)
rPois   .          Reflect  +   (helmet unavailable)
rElec   .          Harm     .   (cloak unavailable)
rCorr   .          Rampage  .   (gloves unavailable)
Will    +....                   (boots unavailable)
Stlth   ++++......              s - amulet of reflection
HPRegen 0.16/turn               x - ring of wizardry
MPRegen 0.29/turn               l - ring "Weujy" {rN+ MP+9 Int+4}

@: studying Evocations, quick
A: very small, claws 1, fangs 3, see invisible, speed 1, shaggy fur 3, stealthy
paws, no weapons or thrown items, no armour, multi-lived
a: Renounce Religion


You were on level 13 of the Dungeon.
You worshipped Vehumet.
Vehumet was extremely pleased with you.
You visited 4 branches of the dungeon, and saw 24 of its levels.
You also visited: Sewer, Gauntlet, Ice Cave and Volcano.

You collected 3308 gold pieces.
You spent 1360 gold pieces at shops.

Inventory:

Jewellery
 g - a ring of resist corrosion
 l - the ring "Weujy" (right paw) {rN+ MP+9 Int+4}
   (You found it on level 3 of the Dungeon)

   [ring of magical power]

   Int:       It affects your intelligence (+4).
   rN:        It protects you from negative energy.
   MP:        It affects your magic capacity (+9).
 n - a ring of protection from fire
 q - a ring of poison resistance
 s - an amulet of reflection (around neck)
 x - a ring of wizardry (left paw)
 I - a ring of flight
 K - the ring of Moodiness {rC+ rN+ Stlth+}
   (You took it off a necromancer in an ice cave)

   [ring of positive energy]

   rC:        It protects you from cold.
   rN:        It protects you from negative energy.
   Stlth:     It makes you more stealthy.
Wands
 d - a wand of roots (3)
 u - a wand of paralysis (21)
 y - a wand of flame (29)
 C - a wand of digging (6)
Scrolls
 c - 2 scrolls of blinking
 o - 7 scrolls of poison
 r - 4 scrolls of teleportation
 t - 3 scrolls of silence
 w - a scroll of identify
 B - 3 scrolls of magic mapping
 E - 2 scrolls of fog
 F - 4 scrolls of fear
 H - a scroll of amnesia
Potions
 a - 2 potions of magic
 b - 5 potions of lignification
 e - 9 potions of heal wounds
 f - 5 potions of flight
 h - 5 potions of mutation
 i - a potion of resistance
 j - 4 potions of might
 k - 3 potions of cancellation
 m - 14 potions of curing
 p - 4 potions of brilliance
 v - 3 potions of attraction
 z - 2 potions of haste {unknown}
 D - a potion of berserk rage {unknown}
 G - 2 potions of invisibility
Miscellaneous
 A - a tin of tremorstones (2/2)


   Skills:
 + Level 0.9 Fighting
 + Level 5.7 Dodging
 + Level 6.8 Stealth
 - Level 0.7 Unarmed Combat
 - Level 17.1 Spellcasting
 - Level 9.5 Conjurations
 - Level 1.0 Translocations
 * Level 16.2 Air Magic
 + Level 1.3 Evocations


You had 18 spell levels left.
You knew the following spells:

 Your Spells              Type           Power      Damage    Failure   Level
a - Static Discharge      Conj/Air       72%        3-12/arc  0%          2
b - Freezing Cloud        Conj/Ice/Air   29%        6-21      1%          5
c - Airstrike             Air            40%        0-13+     1%          4
d - Lightning Bolt        Conj/Air       36%        1d54      1%          5
e - Swiftness             Air            80%        N/A       0%          3
f - Blink                 Tloc           52%        N/A       1%          2
g - Conjure Ball Lightni  Conj/Air       36%        3x3d12    1%          6
h - Shock                 Conj/Air       100%       1d9       0%          1

Your spell library contained the following spells:

 Spells                   Type           Power      Damage    Failure   Level
 Apportation              Tloc           52%        N/A       1%          1
 Sting                    Tmut/Pois      84%        1d7       1%          1
 Ensorcelled Hibernation  Hex/Ice        42%        N/A       1%          2
 Poisonous Vapours        Pois/Air       100%       N/A       1%          2
 Lesser Beckoning         Tloc           26%        N/A       1%          3
 Summon Lightning Spire   Summ/Air       58%        N/A       1%          4
 Fireball                 Conj/Fire      22%        3d10      1%          5
 Iskenderun's Battlesphe  Conj           62%        2d11      1%          5
 Ozocubu's Armour         Ice            21%        N/A       2%          3
 Spider Form              Tmut/Pois      21%        N/A       2%          3
 Olgreb's Toxic Radiance  Pois           21%        N/A       3%          4
 Orb of Destruction       Conj           31%        9d10      4%          7
 Anguish                  Hex/Necr       10%        N/A       10%         4
 Manifold Assault         Tloc           26%        N/A       17%         5
 Alistair's Intoxication  Tmut/Pois      14%        N/A       26%         5
 Ozocubu's Refrigeration  Ice            10%        4d7       83%         7


Dungeon Overview and Level Annotations

Branches:
Dungeon (15/15)            Temple (1/1) D:6            Lair (6/6) D:11
 Shoals (0/4) Lair:4        Snake (0/4) Lair:2        Slime (0/5) Lair:6
    Orc (2/2) D:12            Elf (0/3) Orc:2         Sewer (visited)
  IceCv (visited)         Volcano (visited)         Gauntlet (visited)
 Vaults: D:13-14     Depths: D:15

Altars:
Ashenzari
Cheibriados
Dithmenos
Elyvilon
Fedhas
Gozag
Hepliaklqana
Kikubaaqudgha
Makhleb
Nemelex Xobeh
Okawaru
Qazlal
Ru
Sif Muna
Trog
Uskayaw
Vehumet
Wu Jian
Xom
Yredelemnul
Zin
The Shining One
Jiyva

Shops:
D:14 [   Orc:2 [?[[:

Portals:
Trove: D:15 (give 16 scrolls of teleportation)

Annotations:
D:6 exclusion: 2 doors
D:13 14 runed doors, Maurice
Lair:2 Maggie
Lair:6 exclusion: 2 oklob plants


Innate Abilities, Weirdness & Mutations

You have sharp claws.
You have razor-sharp teeth.
You have supernaturally acute eyesight. (SInv)
You cover ground quickly. (Speed+)
Your thick and shaggy fur keeps you warm. (AC +3, rC+)
Your paws help you pounce on unaware monsters.
You are incapable of wielding weapons or throwing items.
You cannot wear armour.
You gain extra lives every three experience levels.


Message History

Aim: a centaur, wielding a +0 shortbow (empty space bonus: 2/8)
The air twists around and strikes the centaur!
The centaur is heavily wounded.
Casting: Airstrike (safe; 1% risk of failure)
Confirm with . or Enter, or press ? or * to list all spells.
Aiming: Airstrike (safe; 1% risk of failure)
Press: ? - help, Dir - move target, f/p - centaur
Aim: a centaur, wielding a +0 shortbow (heavily wounded, empty space bonus: 4/8)
The air twists around and strikes the centaur!
You kill the centaur!
Vehumet accepts your kill.
You feel your power returning.
A centaur warrior comes into view.
Casting: Airstrike (safe; 1% risk of failure)
Confirm with . or Enter, or press ? or * to list all spells.
Aiming: Airstrike (safe; 1% risk of failure)
Press: ? - help, Dir - move target, f - centaur warrior
Aim: a centaur warrior (wandering, hasn't noticed you, empty space bonus: 4/8)
The air twists around and strikes the centaur warrior!
The centaur warrior shouts!
The centaur warrior is moderately wounded.
You hear a shout!
The centaur warrior wields a +2 shortbow of freezing.
It is covered in frost.
The centaur warrior shoots an arrow.
The arrow hits you!! The arrow freezes you.
Casting: Airstrike (safe; 1% risk of failure)
Confirm with . or Enter, or press ? or * to list all spells.
Aiming: Airstrike (safe; 1% risk of failure)
Press: ? - help, Dir - move target, f/p - centaur warrior
Aim: a centaur warrior, wielding a +2 shortbow of freezing (moderately wounded, empty space bonus: 4/8)
The air twists around and strikes the centaur warrior!
The centaur warrior is heavily wounded.
A centaur comes into view.
The centaur warrior shoots an arrow.
The arrow hits you!
* * * LOW HITPOINT WARNING * * *
The arrow freezes you.
* * * LOW HITPOINT WARNING * * *
The centaur warrior shoots an arrow.
The arrow hits you!!
Ouch! That really hurt!
You die...

.)...# .###.# .c.
#.##.### #c# ##.....# #.#
#.##.#.## ##.## ..##....#
#...# #.##....## #...#
...?.....# #...#
#.)).....######.@<#####
#...)....##.†.........##
.....)...................
#........##....>......$..
.....[...######...####.#.
........># #...# #
#>###.#### ...... ..# #.#
.#...#.# ### #.# .##.##.#


You could see a centaur warrior and a centaur.

Vanquished Creatures
  Gastronok (Lair:1)
  Frances (D:12)
  An entropy weaver (shapeshifter) (Lair:6)
  A hydra (shapeshifter) (Lair:6)
  3 boulder beetles
  11 hydras
  A centaur warrior (D:15)
  5 two-headed ogres
  8 death yaks
  3 orc high priests (Orc:2)
  A thrashing horror (Lair:6)
  Amaemon (Lair:1)
  Sonja (Lair:1)
  2 skeletal warriors (Volcano)
  Pikel (D:6)
  An anaconda skeleton (Volcano)
  A necromancer (IceCv)
  A large abomination (Lair:6)
  9 orc knights
  6 orc sorcerers
  3 cyclopes
  3 ugly things
  7 elephants
  2 manticores
  An ice statue (IceCv)
  4 black mambas
  An orange demon (Lair:1)
  5 gargoyles (Volcano)
  A smoke demon (Lair:6)
  A torpor snail (Lair:3)
  11 cane toads
  An unseen horror (D:10)
  4 rime drakes
  8 komodo dragons
  3 anaconda simulacra (IceCv)
  4 freezing wraiths (IceCv)
  An entropy weaver simulacrum (IceCv)
  12 ice devils (IceCv)
  A kobold demonologist (D:12)
  An ancient zyme (Lair:6)
  2 polar bears
  A wind drake (Lair:4)
  5 trolls
  44 blink frogs
  A harpy skeleton (Volcano)
  3 flying skulls (Volcano)
  3 alligator skeletons (Volcano)
  A shadow (D:9)
  A wraith (D:12)
  2 ynoxinuls (Lair:6)
  2 wyverns
  A dire elephant simulacrum (IceCv)
  10 basilisks
  Eustachio (D:6)
  44 yaks
  A chaos spawn (Lair:6)
  4 death yak simulacra (IceCv)
  3 vampire mosquitoes (D:11)
  2 harpy simulacra (IceCv)
  A steam dragon (D:7)
  2 wargs
  3 nagas (Lair:2)
  Edmund (D:6)
  An acid dragon (D:9)
  8 water moccasins
  29 orc warriors
  3 ice beasts (D:7)
  A black bear (shapeshifter) (Lair:6)
  8 ogres
  3 black bears
  21 wolves
  11 centaurs
  2 phantoms
  A lemure (D:6)
  Blork the orc (D:4)
  3 kobold brigands
  15 bullfrogs
  3 two-headed ogre simulacra (IceCv)
  3 cane toad simulacra (IceCv)
  2 scorpions
  5 wights (D:7)
  4 elephant simulacra
  8 killer bees
  An electric eel (Lair:5)
  4 howler monkeys
  4 troll skeletons (Volcano)
  9 small abominations (Lair:6)
  A jelly (D:5)
  19 orc priests
  2 gnoll boudas
  5 hounds
  Jessica (D:3)
  An iguana (D:6)
  18 orc wizards
  5 hell rats (Lair:2)
  5 polar bear simulacra
  2 spriggan simulacra (IceCv)
  7 wolf simulacra
  2 naga skeletons (Volcano)
  Robin (D:3)
  10 gnolls
  6 river rats
  5 adders
  A naga simulacrum (IceCv)
  2 white imps
  A dart slug (D:5)
  5 worms
  75 orcs
  4 bats
  4 endoplasms
  4 giant cockroaches
  12 hobgoblins
  5 jackals
  5 quokkas
  7 ball pythons
  4 frilled lizards
  15 goblins
  9 kobolds
  14 rats
678 creatures vanquished.

Vanquished Creatures (others)
  54 fungi
  91 plants
  5 toadstools (D:1)
150 creatures vanquished.

Grand Total: 828 creatures vanquished

Notes
Turn   | Place    | Note
-------+----------+-------------------------------------------
     0 | D:1      | soberaf the Felid Air Elementalist began the quest for the
                  | Orb.
     0 | D:1      | Reached XP level 1. HP: 7/7 MP: 4/4
   123 | D:1      | Reached skill level 1 in Conjurations
   518 | D:1      | Reached XP level 2. HP: 11/11 MP: 0/6
   577 | D:1      | Learned a level 2 spell: Static Discharge
  1474 | D:1      | Reached XP level 3. HP: 8/14 MP: 1/7
  1677 | D:2      | Found a faded altar of an unknown god.
  1917 | D:2      | Prayed at the altar of an unknown god.
  1917 | D:2      | Became a worshipper of the Shining One
  1917 | D:2      | Reached * piety under the Shining One
  1921 | D:2      | Fell from the grace of the Shining One
  2592 | D:3      | Learned a level 3 spell: Swiftness
  2829 | D:3      | Identified the ring "Weujy" {rN+ MP+9 Int+4}
  2929 | D:3      | Reached XP level 4. HP: 16/18 MP: 0/8
  3122 | D:3      | Found a glowing drain.
  3126 | Sewer    | Entered a sewer
  3196 | Sewer    | Slain by a river rat
  3197 | Sewer    | Reached XP level 3. HP: -4/14 MP: 7/7
  3320 | Sewer    | Noticed a malarious merfolk avatar
  3418 | D:3      | Upgraded the game from 0.29-a0-802-g34511f41fd to
                  | 0.29-a0-819-g94b489e0ae
  3885 | D:4      | Reached XP level 4. HP: 10/18 MP: 4/9
  4029 | D:4      | Noticed Robin
  4151 | D:4      | Noticed Blork the orc
  4387 | D:3      | Noticed Jessica
  4392 | D:3      | Killed Jessica
  4612 | D:3      | Reached skill level 3 in Spellcasting
  4617 | D:3      | Reached XP level 5. HP: 21/21 MP: 10/10
  4751 | D:3      | Found an iron altar of Okawaru.
  5077 | D:3      | Killed Robin
  5655 | D:4      | Killed Blork the orc
  5799 | D:4      | Found a glowing golden altar of the Shining One.
  5894 | D:5      | Entered Level 5 of the Dungeon
  5900 | D:5      | Gained mutation: You are covered in thick fur. (AC +2)
                  | [Felid growth]
  5900 | D:5      | Reached XP level 6. HP: 19/24 MP: 12/12
  5995 | D:5      | Noticed a troll
  6055 | D:5      | Reached skill level 4 in Spellcasting
  6676 | D:5      | Found a sparkling altar of Nemelex Xobeh.
  6682 | D:5      | Found a shadowy altar of Dithmenos.
  7025 | D:6      | Noticed Pikel
  7032 | D:6      | Killed Pikel
  7033 | D:6      | Reached skill level 5 in Stealth
  7033 | D:6      | Reached skill level 5 in Spellcasting
  7033 | D:6      | Reached XP level 7. HP: 17/27 MP: 11/15
  7276 | D:6      | Reached XP level 8. HP: 31/31 MP: 16/16
  7286 | D:6      | Found a broken altar of Ashenzari.
  7289 | D:6      | Noticed Edmund
  7390 | D:6      | Learned a level 4 spell: Airstrike
  7396 | D:6      | Learned a level 5 spell: Lightning Bolt
  7857 | D:6      | Reached skill level 5 in Conjurations
  8274 | D:6      | Found a staircase to the Ecumenical Temple.
  8287 | Temple   | Entered the Ecumenical Temple
  8354 | Temple   | Became a worshipper of Vehumet
  8430 | D:6      | Reached skill level 5 in Air Magic
  8621 | D:6      | Killed Edmund
  8622 | D:6      | Reached skill level 6 in Spellcasting
  8703 | D:6      | Noticed Eustachio
  8714 | D:6      | Killed Eustachio
  8880 | D:6      | Found a snail-covered altar of Cheibriados.
  9484 | D:7      | Reached XP level 9. HP: 28/34 MP: 19/19
  9703 | D:7      | Reached * piety under Vehumet
  9703 | D:7      | Offered knowledge of Freeze by Vehumet.
  9958 | D:7      | Found a blossoming altar of Fedhas.
 10142 | D:7      | Reached skill level 7 in Spellcasting
 10724 | D:7      | Identified the +4 quarterstaff "Bunwiz" {vorpal, rElec rF-
                  | rC- rCorr}
 12085 | D:9      | Reached ** piety under Vehumet
 12085 | D:9      | Offered knowledge of Sandblast by Vehumet.
 12263 | D:9      | Identified the +0 cloak "Romnef" {rC+++ Regen+ Str-2 Int-3}
 12273 | D:9      | Noticed a troll
 12276 | D:9      | Killed a troll
 12277 | D:9      | Reached skill level 8 in Spellcasting
 12526 | D:9      | Reached XP level 10. HP: 33/37 MP: 23/23
 12912 | D:9      | Noticed a two-headed ogre
 12921 | D:9      | Killed a two-headed ogre
 13027 | D:9      | Found a stormy altar of Qazlal.
 13308 | D:9      | Reached skill level 9 in Spellcasting
 13721 | D:10     | Entered Level 10 of the Dungeon
 14047 | D:10     | Learned a level 2 spell: Blink
 14144 | D:10     | Noticed a two-headed ogre
 14667 | D:10     | Identified the +1 leather armour of Inevitability {rN++
                  | Slay+2}
 14871 | D:10     | Killed a two-headed ogre
 15025 | D:10     | Reached XP level 11. HP: 35/40 MP: 25/25
 15473 | D:10     | Offered knowledge of Stone Arrow by Vehumet.
 15582 | D:11     | Found a staircase to the Lair.
 15906 | D:11     | Reached *** piety under Vehumet
 15965 | D:11     | Reached skill level 10 in Spellcasting
 16120 | D:11     | Noticed a two-headed ogre
 16123 | D:11     | Killed a two-headed ogre
 16200 | D:11     | Identified the +6 spear of Wiabb {vorpal, rF+ Str+4 Int+3
                  | SInv}
 16594 | D:11     | Noticed a two-headed ogre
 16597 | D:11     | Killed a two-headed ogre
 17050 | D:11     | Reached skill level 10 in Air Magic
 17055 | D:11     | Offered knowledge of Iskenderun's Mystic Blast by Vehumet.
 17418 | D:11     | Found Hestrath's Distillery.
 17508 | D:12     | Reached skill level 11 in Spellcasting
 17515 | D:12     | Noticed a boulder beetle
 17572 | Lair:1   | Entered Level 1 of the Lair of Beasts
 18119 | Lair:1   | Noticed Sonja
 18121 | Lair:1   | Killed Sonja
 18315 | D:11     | Reached **** piety under Vehumet
 18316 | D:11     | Gained mutation: Your thick and shaggy fur keeps you warm.
                  | (AC +3, rC+) [Felid growth]
 18316 | D:11     | Reached XP level 12. HP: 45/45 MP: 19/28
 18698 | Lair:1   | Identified the +1 bardiche "Atezu" {vorpal, *Rage rCorr
                  | Dex+2 Stlth+}
 18769 | Lair:1   | Noticed Gastronok
 18988 | Lair:1   | Noticed Amaemon
 19000 | Lair:1   | Killed Amaemon
 19215 | Lair:1   | Offered knowledge of Mephitic Cloud by Vehumet.
 19311 | Lair:1   | Killed Gastronok
 19425 | Lair:1   | Learned a level 6 spell: Conjure Ball Lightning
 19599 | Lair:2   | Noticed a five-headed hydra
 19645 | Lair:2   | Reached skill level 12 in Spellcasting
 19726 | Lair:2   | Found a staircase to the Snake Pit.
 19788 | Lair:2   | Found a dark tunnel.
 19880 | Volcano  | Entered a volcano
 20785 | Volcano  | Reached skill level 5 in Dodging
 20929 | Volcano  | HP: 2/45 [gargoyle/stone arrow (22)]
 21974 | Lair:2   | Reached skill level 13 in Spellcasting
 22090 | Lair:2   | Killed a five-headed hydra
 22333 | Lair:2   | Slain by a hell rat
 22334 | Lair:2   | Reached XP level 11. HP: 0/35 MP: 37/38
 22505 | Lair:2   | Reached ***** piety under Vehumet
 22552 | Lair:2   | Offered knowledge of Irradiate by Vehumet.
 22610 | Lair:2   | Identified a scroll of acquirement
 22610 | Lair:2   | Acquired 487 gold pieces
 22724 | Lair:2   | Noticed Maggie
 23279 | Lair:3   | Noticed an eight-headed hydra
 23289 | Lair:3   | Killed an eight-headed hydra
 23290 | Lair:3   | Reached XP level 12. HP: 45/45 MP: 25/30
 24462 | Lair:3   | Noticed a death yak
 24463 | Lair:3   | Noticed a death yak
 24776 | Lair:3   | Noticed a death yak
 24776 | Lair:3   | Noticed a death yak
 24784 | Lair:3   | Killed a death yak
 24802 | Lair:3   | Killed a death yak
 25067 | Lair:3   | Noticed a death yak
 25067 | Lair:3   | Noticed a death yak
 25087 | Lair:3   | Killed a death yak
 25109 | Lair:3   | Killed a death yak
 25873 | Lair:4   | Found an opulent altar of Gozag.
 25967 | Lair:4   | Found a gate leading to a gauntlet.
 25980 | Gauntlet | Entered a Gauntlet
 25980 | Gauntlet | Found a transporter.
 25980 | Gauntlet | Found a transporter.
 25984 | Gauntlet | Found a transporter.
 25987 | Gauntlet | Found a transporter.
 25988 | Gauntlet | Found a transporter.
 25988 | Gauntlet | Found a transporter.
 26021 | Gauntlet | Found a transporter.
 26024 | Gauntlet | Found a transporter.
 26030 | Gauntlet | Found a runed translucent gate.
 26030 | Gauntlet | Found a runed translucent gate.
 26030 | Gauntlet | Found a runed translucent gate.
 26032 | Gauntlet | Found a transporter.
 26048 | Gauntlet | Found a transporter.
 26062 | Gauntlet | Found a transporter.
 26066 | Gauntlet | Found a transporter.
 26476 | Lair:4   | Reached skill level 14 in Spellcasting
 26612 | Lair:4   | Noticed a seven-headed hydra
 26617 | Lair:4   | Killed a seven-headed hydra
 26788 | Lair:4   | Found a staircase to the Shoals.
 26911 | Lair:3   | Killed a death yak
 27097 | Lair:4   | You fall into a shaft and drop 2 floors!
 27097 | Lair:6   | Entered Level 6 of the Lair of Beasts
 27147 | Lair:6   | Noticed a four-headed hydra
 27161 | Lair:6   | Noticed a six-headed hydra
 27288 | Lair:6   | Reached XP level 13. HP: 31/48 MP: 32/32
 27613 | Lair:6   | Found the +1 robe of Vines {NoPotionHeal Regen++++}
 28165 | Lair:6   | Found a staircase to the Slime Pits.
 28166 | Lair:6   | Found a viscous altar of Jiyva.
 28353 | Lair:6   | Offered knowledge of Hailstorm by Vehumet.
 28667 | Lair:5   | Reached skill level 15 in Spellcasting
 28691 | Lair:5   | Found a frozen archway.
 28874 | IceCv    | Entered an ice cave
 30182 | IceCv    | Found an ancient bone altar of Kikubaaqudgha.
 30503 | IceCv    | HP: 2/48 [harpy simulacrum (7)]
 30503 | IceCv    | Slain by a harpy simulacrum
 30504 | IceCv    | Reached XP level 12. HP: -2/45 MP: 32/41
 30987 | IceCv    | Identified the ring of Moodiness {rC+ rN+ Stlth+}
 31047 | IceCv    | Reached XP level 13. HP: 48/48 MP: 10/33
 32931 | Lair:6   | Reached skill level 15 in Air Magic
 33278 | Lair:6   | Noticed an emperor scorpion
 33289 | Lair:6   | Noticed an entropy weaver
 33311 | Lair:6   | Killed an entropy weaver
 33705 | Lair:6   | Reached skill level 16 in Spellcasting
 34783 | Lair:6   | Noticed an entropy weaver
 34910 | Lair:6   | an entropy weaver changed into a six-headed hydra
 35908 | D:12     | Killed from afar by a manticore
 35909 | D:12     | Reached XP level 12. HP: 0/45 MP: 19/42
 35982 | D:12     | Offered knowledge of Eringya's Noxious Bog by Vehumet.
 36013 | D:12     | Noticed Frances
 36082 | D:12     | Noticed a boulder beetle
 36095 | D:12     | Killed a boulder beetle
 36510 | D:12     | Reached XP level 13. HP: 48/48 MP: 34/34
 36575 | D:12     | Found a staircase to the Orcish Mines.
 36653 | D:12     | You fall into a shaft and drop 3 floors!
 36653 | D:15     | Entered Level 15 of the Dungeon
 36653 | D:15     | Found a portal to a secret trove of treasure.
 37533 | D:14     | Found Imufegiena's Antique Armour Shop.
 37716 | D:12     | Killed Frances
 37891 | Orc:1    | Entered Level 1 of the Orcish Mines
 37902 | Orc:1    | Reached skill level 1 in Translocations
 39668 | Orc:2    | Entered Level 2 of the Orcish Mines
 39764 | Orc:2    | Found a staircase to the Elven Halls.
 40784 | Orc:2    | Found Mutzaet's Vocational Training.
 41498 | Orc:2    | Offered knowledge of Freezing Cloud by Vehumet.
 41519 | Orc:2    | Learned a level 5 spell: Freezing Cloud
 41730 | Orc:2    | Reached skill level 17 in Spellcasting
 42299 | Orc:2    | Found Logituno's Antique Armour Shoppe.
 42299 | Orc:2    | Found Kiuvaf's Antique Armour Shoppe.
 42300 | Orc:2    | Found Ofiesixt's Antique Armour Boutique.
 42300 | Orc:2    | Found Madoesae's Magic Scroll Boutique.
 42320 | Orc:2    | Bought a scroll of poison for 56 gold pieces
 42320 | Orc:2    | Bought a scroll of poison for 56 gold pieces
 42320 | Orc:2    | Bought a scroll of teleportation for 48 gold pieces
 42320 | Orc:2    | Bought a scroll of silence for 120 gold pieces
 42320 | Orc:2    | Bought a scroll of identify for 32 gold pieces
 42320 | Orc:2    | Bought a scroll of fog for 32 gold pieces
 42320 | Orc:2    | Bought a scroll of poison for 56 gold pieces
 42365 | Orc:2    | Bought a manual of Evocations for 960 gold pieces
 42607 | D:13     | Noticed Maurice
 42643 | D:13     | Found a huge runed gate.
 42643 | D:13     | Found a huge runed gate.
 42643 | D:13     | Found a huge runed gate.
 42643 | D:13     | Found a huge runed gate.
 42643 | D:13     | Found a huge runed gate.
 42643 | D:13     | Found a huge runed gate.
 42643 | D:13     | Found a huge runed gate.
 42643 | D:13     | Found a huge runed gate.
 42643 | D:13     | Found a huge runed gate.
 42877 | D:13     | Found a huge runed gate.
 42887 | D:13     | Found a huge runed gate.
 42887 | D:13     | Found a huge runed gate.
 42887 | D:13     | Found a huge runed gate.
 42888 | D:13     | Found a huge runed gate.
 42984 | D:13     | Reached skill level 1 in Evocations
 43116 | D:13     | Shot with an arrow by a centaur warrior

Illustrated notes

Levels and vault maps discovered:
D:1:      ldierk_walled_garden, layout_loops_ring
D:2:      layout_loops_ring, chequers_ecumenical_altar_island
D:3:      layout_loops_corners, marbit_many_paths, gup_sewer_entry_spiral,
          ebering_dispersal_statue_hall, serial_bayou_pond_c, bh_walls_and_bars,
          uniq_jessica
D:4:      layout_gridville, mainiacjoe_overflow_small_starburst, uniq_robin,
          uniq_blork_the_orc
D:5:      layout_loops_ring, minitemple
D:6:      cheibrodos_two_vegetables, layout_basic,
          ashenzari_conservatory_becter, lemuel_crystal_altar, temple_fountains,
          uniq_pikel, uniq_eustachio, uniq_edmund
D:7:      layout_basic, mainiacjoe_overflow_alcove_2,
          dreamdust_princess_corridor
D:8:      layout_loops_ring
D:9:      layout_basic, nicolae_overflow_crystal_walls
D:10:     layout_loops_corners
D:11:     layout_irregular_city, david_lair_generic, serial_shops, shop
D:12:     layout_irregular_city, david_orc_2, uniq_frances
D:13:     layout_loops_cross, not_door_vault_due, uniq_maurice
D:14:     layout_loops_corners, erik_vaults_2, serial_shops,
          nicolae_shop_statue_plus
D:15:     grunt_enter_depths_hoard, layout_basic, minmay_misc_feat_plants,
          nicolae_trove_entry_columns
Temple:   eino_temple_water
Lair:1:   layout_gridlike, uniq_gastronok, uniq_amaemon, uniq_sonja
Lair:2:   layout_roguey, guppyfry_snake_entry_garden,
          lightli_volcano_entry_magma_tube, kennysheep_abandoned_house,
          uniq_maggie
Lair:3:   layout_regular_city, patterned_corridor, infiniplex_staircase_pool,
          lemuel_fruit_tree
Lair:4:   layout_cave_pods, minmay_shoals_entry_beasts, gauntlet_entry_generic,
          basic_altar
Lair:5:   layout_gridlike, portal_ice_cave_entry_ice_simulacra,
          serial_bayou_pond_b
Lair:6:   hellmonk_lair_end_abyssal_woods, layout_small_grid, slime_entry_1,
          hellmonk_guarded_unrand_vines
Orc:1:    layout_caves
Orc:2:    st_orc_elflike, layout_caves, nicolae_shop_vocational

Skill      XL: |  1  2  3  4  5  6  7  8  9 10 11 12 13 |
---------------+----------------------------------------+-----
Conjurations   | 1 2 4 6 7 8 9 |  9.5
Stealth        | 3 4 5 6 |  6.8
Dodging        | 3 4 5 |  5.7
Air Magic      | 3 4 5 7 9 10 13 16 | 16.2
Spellcasting   | 3 5 6 8 9 11 14 17 | 17.1
Translocations | 1 |  1.0
Evocations     | 1 |  1.3
Fighting       | |  0.9
Unarmed Combat | |  0.7

Action                   |  1- 3 |  4- 6 |  7- 9 | 10-12 | 13-15 || total
-------------------------+-------+-------+-------+-------+-------++-------
Melee: Unarmed           |     1 |    10 |     1 |     1 |     4 ||    17
       Bite              |       |     3 |       |       |       ||     3
 Cast: Shock             |   122 |   128 |   257 |   313 |   146 ||   966
       Static Discharge  |     4 |    36 |    29 |    71 |    16 ||   156
       Swiftness         |       |     2 |       |       |     6 ||     8
       Airstrike         |       |       |     8 |   325 |   549 ||   882
       Lightning Bolt    |       |       |       |    37 |    44 ||    81
       Blink             |       |       |       |     1 |     1 ||     2
       Freezing Cloud    |       |       |       |       |     2 ||     2
Invok: Renounce Religion |     1 |       |       |       |       ||     1
Evoke: Wand              |       |       |       |     1 |     1 ||     2
  Use: Scroll            |       |    12 |     3 |    12 |     4 ||    31
       Potion            |       |     1 |     1 |     5 |       ||     7
 Stab: Sleeping          |       |       |       |     1 |       ||     1
Armor: Skin              |     1 |     2 |       |     2 |     5 ||    10
Dodge: Dodged            |     9 |    66 |    38 |   126 |   120 ||   359
Block: Other             |       |       |     8 |    27 |    31 ||    66
       Reflection        |       |       |       |     6 |     5 ||    11

Table legend: (Time is in decaauts)
 A = Elapsed time spent in this place.
 B = Non-inter-level travel time spent in this place.
 C = Inter-level travel time spent in this place.
 D = Time resting spent in this place.
 E = Time spent auto-exploring this place.
 F = Levels seen in this place.
 G = Mean time per level.
                   A        B        C        D        E       F      G
               +--------+--------+--------+--------+--------+-----+--------+
         Total |  39324 |  37719 |   1605 |  15152 |  12143 |  28 | 1404.4 |
       Dungeon |  19737 |  18602 |   1135 |   7257 |   6066 |  15 | 1315.8 |
        Temple |     68 |     55 |     13 |      0 |     41 |   1 |   68.0 |
          Lair |  12292 |  11953 |    339 |   4470 |   4637 |   6 | 2048.7 |
  Orcish Mines |   3062 |   2945 |    117 |   1331 |    561 |   2 | 1531.0 |
         Sewer |    202 |    202 |      0 |    147 |      4 |   1 |  202.0 |
      Ice Cave |   2253 |   2253 |      0 |   1065 |    602 |   1 | 2253.0 |
       Volcano |   1605 |   1605 |      0 |    882 |    151 |   1 | 1605.0 |
      Gauntlet |    102 |    102 |      0 |      0 |     79 |   1 |  102.0 |
               +--------+--------+--------+--------+--------+-----+--------+

Top non-repeatable levels by time:
  Lair:6: 3937 daAuts
    D:11: 2636 daAuts
     D:3: 2535 daAuts
   Orc:2: 2481 daAuts
    D:12: 2301 daAuts
   IceCv: 2253 daAuts
  Lair:3: 2251 daAuts
  Lair:2: 2228 daAuts
     D:6: 1812 daAuts
 Volcano: 1605 daAuts
     D:1: 1565 daAuts
     D:9: 1537 daAuts
     D:8: 1349 daAuts
  Lair:1: 1330 daAuts
  Lair:5: 1315 daAuts
